 Dungeon Crawl Stone Soup version 0.24-a0-373-g39439d8 (webtiles) character file.

Game seed: 5380634407231782597

578 Kothophed the Chopper (level 7, 52/52 HPs)
             Began as a Demonspawn Fighter on May 30, 2019.
             Quit the game on level 5 of the Dungeon.
             The game lasted 00:06:10 (3907 turns).

Kothophed the Chopper (Demonspawn Fighter)          Turns: 3907, Time: 00:06:10

Health: 52/52      AC: 15    Str: 24    XL:     7   Next: 13%
Magic:  7/7        EV:  5    Int: 11    God:
Gold:   241        SH: 10    Dex: 16    Spells: 6/6 levels left

rFire    . . .     SeeInvis .   b - +5 trident of Alahibli {drain, Str+7 Dex+4}
rCold    . . .     Gourm    .   c - +0 shield
rNeg     . . .     Faith    .   t - +0 chain mail
rPois    .         Spirit   .   (no helmet)
rElec    .         Reflect  .   (no cloak)
rCorr    .         Harm     .   u - +0 pair of gloves
MR       .....                  (no boots)
Stlth    ..........             (no amulet)
HPRegen  0.17/turn              x - +5 ring of protection
MPRegen  0.10/turn              (no ring)

@: no status effects
A: powered by pain 2, spiny 1
a: no special abilities


You were on level 5 of the Dungeon.
You were not hungry.

You visited 1 branch of the dungeon, and saw 5 of its levels.

You collected 241 gold pieces.

Inventory:

Hand Weapons
 a - a +0 war axe
 b - the +5 trident of Alahibli (weapon) {drain, Str+7 Dex+4}
   (You found it on level 5 of the Dungeon)

   A truly terrible weapon, it drains the life of those it strikes.
   It affects your strength (+7).
   It affects your dexterity (+4).
 A - a +0 whip of draining
Missiles
 l - 8 boomerangs (quivered)
Armour
 c - a +0 shield (worn)
 t - a +0 chain mail (worn)
 u - a +0 pair of gloves (worn)
Jewellery
 x - a +5 ring of protection (left hand)
Wands
 n - a wand of paralysis (7)
Scrolls
 d - a scroll of fog {unknown}
 e - a scroll of remove curse
 j - a scroll of noise {unknown}
 m - a scroll of blinking {unknown}
 o - a scroll of teleportation {unknown}
 p - a scroll of magic mapping {unknown}
 r - a scroll of fear {unknown}
 s - 4 scrolls of enchant armour {unknown}
 w - a scroll of immolation {unknown}
 y - a scroll of amnesia {unknown}
Potions
 g - 3 potions of haste
 h - 2 potions of curing
 i - 3 potions of magic
 k - a potion of might
 q - 2 potions of lignification {unknown}
 v - a potion of agility {unknown}
 z - a potion of heal wounds {unknown}
Comestibles
 f - 13 rations


   Skills:
 - Level 3.4 Fighting
 + Level 6.9 Axes
 - Level 2.8 Armour
 - Level 2.9 Shields


You had 6 spell levels left.
You didn't know any spells.
Your spell library was empty.

Dungeon Overview and Level Annotations

Branches:
Dungeon (5/15)             Temple (0/1) D:5

Altars:
Elyvilon
Nemelex Xobeh
Okawaru
Ru


Innate Abilities, Weirdness & Mutations

You sometimes gain power by taking damage.
You are partially covered in sharp spines.


Message History

Aim: a necrophage You reach to attack!
You hit the necrophage.
The necrophage is moderately damaged.
The necrophage hits you but does no damage.
You puncture the necrophage!
The necrophage is heavily damaged.
The necrophage barely misses you.
You puncture the necrophage!
The necrophage is almost destroyed.
You block the necrophage's attack.
You puncture the necrophage!
You destroy the necrophage!
You have reached level 7!
Your demonic ancestry asserts itself...
Sharp spines emerge from parts of your body.
Found a stone staircase leading down.
x - a golden ring Put on which piece of jewellery? (? for menu, Esc to quit)
x - a +5 ring of protection (left hand) Are you sure you want to abandon this character and quit the game? (Confirm with "yes".)

...................##.......#....
...................##.......#....
............................#....
..# ...# ...................#....
..##...# ##..............>..#....
........ ................#+##....
........ ......##..#####'#..+....
........ ......##..# #.....#....
........ .......@..# #.....#....
........ ..........# #..........
........ ..........# #..........
........ ............ +..........
........ ...###.#....##..........
........ .. #......+...........
........ . .$..>..###.........
######.. ## #...# #......... ...
.. #.###.....


There were no monsters in sight!

Vanquished Creatures
  A necrophage (D:5)
  A centaur (D:5)
  A bullfrog (D:5)
  A crimson imp (D:5)
  An orc wizard (D:4)
  An iguana (D:4)
  A hound zombie (D:5)
  A hound skeleton (D:4)
  6 gnolls
  3 adders
  A shadow imp (D:5)
  An ooze (D:3)
  An adder skeleton (D:5)
  2 worms
  2 dart slugs
  5 leopard geckos
  11 orcs
  3 giant cockroaches
  10 goblins
  8 hobgoblins
  11 jackals
  4 quokkas
  2 ball pythons
  7 bats
  7 frilled lizards
  6 kobolds
  22 rats
120 creatures vanquished.

Notes
Turn   | Place    | Note
-------+----------+-------------------------------------------
     0 | D:1      | Kothophed the Demonspawn Fighter began the quest for the
                  | Orb.
     0 | D:1      | Reached XP level 1. HP: 18/18 MP: 1/1
    93 | D:1      | Gained mutation: You sometimes gain a little power by
                  | taking damage. [demonic ancestry]
    93 | D:1      | Reached XP level 2. HP: 6/24 MP: 2/2
   343 | D:1      | Reached skill level 2 in Axes
   623 | D:1      | Gained mutation: You sometimes gain power by taking damage.
                  | [demonic ancestry]
   623 | D:1      | Reached XP level 3. HP: 26/29 MP: 3/3
  1025 | D:2      | Found a white marble altar of Elyvilon.
  1322 | D:2      | Reached skill level 3 in Axes
  1420 | D:2      | Reached XP level 4. HP: 35/35 MP: 4/4
  1884 | D:3      | Reached skill level 4 in Axes
  1885 | D:3      | You fall into a shaft and drop 2 floors!
  1885 | D:5      | Entered Level 5 of the Dungeon
  1885 | D:5      | Noticed a bullfrog
  1895 | D:5      | Killed a bullfrog
  1895 | D:5      | Reached XP level 5. HP: 30/41 MP: 5/5
  2069 | D:5      | Found a staircase to the Ecumenical Temple.
  2140 | D:5      | Noticed a centaur
  2163 | D:5      | Killed a centaur
  2163 | D:5      | Reached skill level 5 in Axes
  2163 | D:5      | Reached XP level 6. HP: 9/47 MP: 6/6
  2427 | D:5      | Got a jewelled trident
  2441 | D:5      | Identified the +5 trident of Alahibli {drain, Str+7 Dex+4}
                  | (You found it on level 5 of the Dungeon)
  3195 | D:4      | Found a sparkling altar of Nemelex Xobeh.
  3333 | D:4      | Reached skill level 6 in Axes
  3397 | D:4      | Found an iron altar of Okawaru.
  3412 | D:4      | Found a sacrificial altar of Ru.
  3901 | D:5      | Gained mutation: You are partially covered in sharp spines.
                  | [demonic ancestry]
  3901 | D:5      | Reached XP level 7. HP: 52/52 MP: 7/7
  3907 | D:5      | Quit the game

Levels and vault maps discovered:
D:1:      lemuel_arrival_behind_the_door_small, layout_rooms
D:2:      layout_basic, elyvilon_altar_5, minmay_rat_hole
D:3:      layout_loops_ring
D:4:      layout_rooms, kennysheep_mini, nicolae_ru_path_of_blood,
          hangedman_decor_growths, lemuel_tele_altar
D:5:      layout_basic, minmay_temple_entry_glass, first_ration

Skill      XL: |  1  2  3  4  5  6 |
---------------+-------------------+-----
Axes           | 2 3 4 5 6 |  6.9
Fighting       | |  3.4
Armour         | |  2.8
Shields        | |  2.9

Action                   |  1- 3 |  4- 6 |  7- 9 || total
-------------------------+-------+-------+-------++-------
Melee: War axe           |   169 |   110 |       ||   279
       Trident           |       |    87 |       ||    87
  Use: Potion            |     1 |       |       ||     1
       Scroll            |       |     5 |       ||     5
  Eat: Chunk             |     2 |     8 |       ||    10
Armor: Scale mail        |    84 |    12 |       ||    96
       Chain mail        |       |    74 |       ||    74
Dodge: Dodged            |    50 |    25 |       ||    75
Block: Shield            |    90 |    94 |       ||   184

Table legend:
 A = Non-vault XP
 B = Vault XP
 C = Vault XP percentage of total XP
 D = Non-vault monster count
 E = Vault monster count
 F = Vault count percentage of total count
                 A         B        C        D         E       F
            +---------+---------+-------+---------+---------+-------
      Total |     806 |      20 |   2.4 |     101 |      19 |  15.8
            +---------+---------+-------+---------+---------+-------
        D:1 |      52 |       0 |   0.0 |      31 |       0 |   0.0
        D:2 |      38 |      20 |  34.5 |      13 |      19 |  59.4
        D:3 |     118 |       0 |   0.0 |      30 |       0 |   0.0
        D:4 |     112 |       0 |   0.0 |      10 |       0 |   0.0
        D:5 |     486 |       0 |   0.0 |      17 |       0 |   0.0
            +---------+---------+-------+---------+---------+-------
